 Dungeon Crawl Stone Soup version 0.19.5 (webtiles) character file.

10252 Mesmaeker13 the Nimble (level 11, 0/61 HPs)
             Began as a Deep Elf Conjurer on May 9, 2017.
             Was an Elder of Vehumet.
             Slain by an eight-headed hydra (13 damage)
             ... on level 11 of the Dungeon.
             The game lasted 00:40:29 (12426 turns).

Mesmaeker13 the Nimble (Deep Elf Conjurer)         Turns: 12426, Time: 00:40:31

Health: 0/61       AC:  7    Str:  6    XL:     11   Next: 33%
Magic:  23/23      EV: 20    Int: 23    God:    Vehumet [****..]
Gold:   96         SH:  0    Dex: 15    Spells: 6 memorised, 4 levels left

rFire  + + .     SeeInvis .     A - staff of conjuration
rCold  . . .     Gourm    .     x - +2 robe {rF+}
rNeg   + . .     Faith    .     (no shield)
rPois  +         Spirit   .     o - +1 helmet
rElec  .         Reflect  .     R - +0 cloak {rPois}
rCorr  .         Harm     .     (no gloves)
MR     +....                    (no boots)
Stlth  ++........               (no amulet)
                                M - ring of protection from fire
                                k - ring of positive energy

@: no status effects
A: no striking features
a: Renounce Religion


You were on level 11 of the Dungeon.
You worshipped Vehumet.
Vehumet was greatly pleased with you.
You were not hungry.

You visited 2 branches of the dungeon, and saw 12 of its levels.

You collected 600 gold pieces.
You spent 504 gold pieces at shops.

Inventory:

Hand Weapons
 h - a +1 dagger of venom
 p - a +0 blowgun
 Q - a +4 quarterstaff of chaos
Missiles
 t - 71 poisoned needles
 K - 2 throwing nets (quivered)
Armour
 o - a +1 helmet (worn)
 x - a +2 robe of fire resistance (worn)
 R - a +0 cloak of poison resistance (worn)
Magical Staves
 A - an uncursed staff of conjuration (weapon)
 J - an uncursed staff of wizardry
Jewellery
 k - a ring of positive energy (left hand)
 M - a ring of protection from fire (right hand)
 P - an uncursed ring of stealth {unknown}
Wands
 f - a wand of iceblast (9/15)
Scrolls
 e - 4 scrolls of remove curse
 g - 4 scrolls of fear
 m - 5 scrolls of teleportation
 n - 2 scrolls of fog
 y - 3 scrolls of enchant armour {unknown}
 B - 3 scrolls of random uselessness {unknown}
 C - 2 scrolls of blinking
 D - 3 scrolls of immolation {unknown}
 H - a scroll of summoning {unknown}
 L - 2 scrolls of magic mapping
 N - a scroll of identify
 O - a scroll of vulnerability {unknown}
 T - a scroll of amnesia {unknown}
 W - a scroll of brand weapon {unknown}
Potions
 a - a potion of ambrosia {unknown}
 d - 5 potions of flight
 l - 4 potions of heal wounds {unknown}
 q - 2 potions of resistance
 u - 2 potions of magic
 v - a potion of berserk rage {unknown}
 z - 3 potions of curing
 E - a potion of lignification {unknown}
 F - 2 potions of agility
 V - a potion of cure mutation {unknown}
Books
 b - a book of Conjurations

   Spells                             Type                      Level
   a - Magic Dart                     Conjuration                  1
   b - Searing Ray                    Conjuration                  2
   c - Dazzling Spray                 Conjuration/Hexes            3
   d - Fulminant Prism                Conjuration/Hexes            4
   e - Iskenderun's Mystic Blast      Conjuration                  4
   f - Iskenderun's Battlesphere      Conjuration/Charms           5
 s - a book of Misfortune

   Spells                             Type                      Level
   a - Confusing Touch                Hexes                        1
   b - Confuse                        Hexes                        3
   c - Gell's Gravitas                Hexes/Translocation          3
   d - Petrify                        Transmutation/Earth          4
   e - Metabolic Englaciation         Hexes/Ice                    5
   f - Yara's Violent Unravelling     Hexes/Transmutation          5
 G - a book of Maledictions

   Spells                             Type                      Level
   a - Corona                         Hexes                        1
   b - Ensorcelled Hibernation        Hexes/Ice                    2
   c - Confuse                        Hexes                        3
   d - Tukima's Dance                 Hexes                        3
   e - Dazzling Spray                 Conjuration/Hexes            3
 I - a book of Callings

   Spells                             Type                      Level
   a - Summon Small Mammal            Summoning                    1
   b - Call Imp                       Summoning                    2
   c - Call Canine Familiar           Summoning                    3
   d - Summon Guardian Golem          Hexes/Summoning              3
   e - Summon Lightning Spire         Summoning/Air                4
   f - Summon Ice Beast               Ice/Summoning                4
 S - a book of Beasts

   Spells                             Type                      Level
   a - Summon Butterflies             Summoning                    1
   b - Call Canine Familiar           Summoning                    3
   c - Summon Ice Beast               Ice/Summoning                4
   d - Summon Mana Viper              Hexes/Summoning              5
   e - Summon Hydra                   Summoning                    7
 U - a book of Flames

   Spells                             Type                      Level
   a - Flame Tongue                   Conjuration/Fire             1
   b - Throw Flame                    Conjuration/Fire             2
   c - Conjure Flame                  Conjuration/Fire             3
   d - Inner Flame                    Hexes/Fire                   3
   e - Sticky Flame                   Conjuration/Fire             4
   f - Fireball                       Conjuration/Fire             5
Miscellaneous
 X - a phial of floods
Comestibles
 c - 8 bread rations
 i - 8 fruits
 j - 3 meat rations
 r - 6 slices of pizza
 w - 4 beef jerkies


   Skills:
 + Level 4.2 Fighting
 + Level 11.6 Dodging
 - Level 2.4 Stealth
 - Level 7.1 Spellcasting
 + Level 11.2 Conjurations
 - Level 4.2 Hexes
 - Level 11.0 Charms
 + Level 3.4 Fire Magic


You had 4 spell levels left.
You knew the following spells:

 Your Spells              Type           Power        Failure   Level  Hunger
a - Magic Dart            Conj           ####         1%          1    None
b - Searing Ray           Conj           ######       1%          2    None
c - Dazzling Spray        Conj/Hex       ######       1%          3    None
d - Iskenderun's Battles  Conj/Chrm      ######..     1%          5    #####..
e - Fulminant Prism       Conj/Hex       ######....   1%          4    ###....
f - Fireball              Conj/Fire      ######....   3%          5    #####..


Dungeon Overview and Level Annotations

Branches:
Dungeon (11/15)            Temple (1/1) D:5             Orc (0/2) D:10
   Lair: D:8-11

Altars:
Ashenzari
Cheibriados
Dithmenos
Elyvilon
Fedhas
Gozag
Hepliaklqana
Kikubaaqudgha
Makhleb
Nemelex Xobeh
Okawaru
Qazlal
Ru
Sif Muna
Trog
Uskayaw
Vehumet
Xom
Yredelemnul
Zin
The Shining One

Shops:
D:4 [   D:6 ?   D:8 [   D:9 :   D:10 !


Message History

The eight-headed hydra bites you! The eight-headed hydra misses you.
The eight-headed hydra completely misses you.
The eight-headed hydra bites you!
* * * LOW HITPOINT WARNING * * *
The eight-headed hydra bites you.
* * * LOW HITPOINT WARNING * * *
The eight-headed hydra completely misses you.
The eight-headed hydra bites you but does no damage.
The eight-headed hydra misses you. x3
The eight-headed hydra barely misses you.
There is a stone staircase leading up, spattered with blood here.
Things that are here:
4 arrows; 2 large rocks
As you read the scroll of fear, it crumbles to dust.
You assume a fearsome visage.
The eight-headed hydra easily resists.
The eight-headed hydra closely misses you.
The eight-headed hydra bites you.
* * * LOW HITPOINT WARNING * * *
The eight-headed hydra bites you!
You die...

#....... E#.
.......##### ###.
#......#...##....
##.(..#!.........
......)........
#.#..##(....#
.D###.#..###(..###
.............(D..#
[........####@####
#.###.##.# #(# #
...# #.# ##..# #.#
#..# #.# ...# #.#
##.# #.# %# #.#


You could see an eight-headed hydra.

Vanquished Creatures
  3 hill giants
  Pikel (D:6)
  An ugly thing (D:11)
  A cyclops (D:11)
  Maurice (D:10)
  A centaur zombie (D:9)
  Grinder (D:4)
  2 hippogriffs
  2 yaks (D:10)
  2 hogs (D:10)
  A human (D:10)
  A hungry ghost (D:9)
  3 vampire mosquitoes (D:10)
  Duvessa (D:6)
  3 sky beasts
  A slave (D:6)
  A black bear (D:8)
  2 ice beasts
  4 orc warriors
  4 ogres
  5 centaurs
  2 big kobolds
  The ghost of snowfan the Charmwright, an amateur DEWz (D:4)
  4 bullfrogs
  6 gnoll sergeants
  A wyvern skeleton (D:10)
  3 scorpions
  Dowan (D:7)
  11 killer bees
  A howler monkey (D:5)
  2 bullfrog zombies (D:7)
  2 crimson imps
  7 orc priests
  Crazy Yiuf (D:7)
  A bullfrog skeleton (D:5)
  2 gnoll shamans (D:9)
  9 hounds
  5 iguanas
  5 jellies
  6 orc wizards
  8 worker ants
  A hound skeleton (D:6)
  A worker ant zombie (D:10)
  30 gnolls
  7 adders
  3 shadow imps
  3 oozes
  5 worms
  8 leopard geckos
  35 orcs
  8 giant cockroaches
  4 hobgoblins
  9 jackals
  4 quokkas
  A ball python (D:5)
  3 bats
  5 frilled lizards
  5 goblins
  2 jackal skeletons
  15 kobolds
  A leopard gecko zombie (D:5)
  6 rats
  A spectral orc (D:5)
276 creatures vanquished.

Vanquished Creatures (others)
  An ogre (D:6)
  6 fulminant prisms
  5 toadstools (D:1)
12 creatures vanquished.

Grand Total: 288 creatures vanquished

Notes
Turn   | Place    | Note
-------+----------+-------------------------------------------
     0 | D:1      | Mesmaeker13 the Deep Elf Conjurer began the quest for the Orb.
     0 | D:1      | Reached XP level 1. HP: 10/10 MP: 6/6
   497 | D:1      | Reached XP level 2. HP: 15/15 MP: 6/8
  1000 | D:2      | Reached skill level 5 in Conjurations
  1168 | D:2      | Reached XP level 3. HP: 19/19 MP: 6/9
  1172 | D:2      | Learned a level 2 spell: Searing Ray
  2211 | D:3      | Reached XP level 4. HP: 24/24 MP: 9/11
  2229 | D:3      | Learned a level 3 spell: Dazzling Spray
  3265 | D:4      | Noticed snowfan's ghost (amateur DEWz)
  3274 | D:4      | Killed snowfan's ghost
  3274 | D:4      | Reached skill level 1 in Hexes
  3274 | D:4      | Reached XP level 5. HP: 28/28 MP: 13/13
  3293 | D:4      | Found a stormy altar of Qazlal.
  3387 | D:4      | Noticed an ogre
  3396 | D:4      | Killed an ogre
  3396 | D:4      | Reached skill level 5 in Dodging
  3396 | D:4      | Reached XP level 6. HP: 32/32 MP: 8/14
  3403 | D:4      | Learned a level 5 spell: Iskenderun's Battlesphere
  3653 | D:4      | Found Mobb's Armour Shop.
  3885 | D:4      | Reached skill level 1 in Charms
  4056 | D:4      | Noticed Grinder
  4125 | D:5      | Entered Level 5 of the Dungeon
  4302 | D:5      | Found a sparkling altar of Nemelex Xobeh.
  4354 | D:5      | Noticed an ice beast
  4376 | D:5      | Killed an ice beast
  4376 | D:5      | Reached XP level 7. HP: 36/36 MP: 8/15
  4709 | D:5      | Found a basalt altar of Yredelemnul.
  5216 | D:5      | Found a staircase to the Ecumenical Temple.
  5221 | Temple   | Entered the Ecumenical Temple
  5388 | Temple   | Became a worshipper of Vehumet
  5528 | D:6      | Noticed a hill giant
  5637 | D:4      | Killed Grinder
  5637 | D:4      | Reached XP level 8. HP: 35/41 MP: 7/16
  6032 | D:6      | Reached skill level 5 in Charms
  6307 | D:6      | Reached skill level 5 in Spellcasting
  6487 | D:6      | Found Utuyty's Magic Scroll Shoppe.
  6495 | D:6      | Bought a scroll of identify for 28 gold pieces
  6495 | D:6      | Bought a scroll of identify for 28 gold pieces
  6497 | D:6      | Bought a scroll of identify for 28 gold pieces
  6702 | D:6      | Found a shadowy altar of Dithmenos.
  6831 | D:6      | Found a glowing golden altar of the Shining One.
  6913 | D:6      | Killed a hill giant
  7173 | D:6      | Noticed Pikel
  7214 | D:6      | Killed Pikel
  7214 | D:6      | Reached XP level 9. HP: 45/45 MP: 7/18
  7324 | D:6      | Found a glowing silver altar of Zin.
  7574 | D:7      | Noticed Dowan
  7588 | D:7      | Killed Dowan
  7603 | D:7      | Noticed Duvessa
  7795 | D:6      | Killed Duvessa
  8059 | D:7      | Reached * piety under Vehumet
  8059 | D:7      | Offered knowledge of Flame Tongue by Vehumet.
  8500 | D:6      | Reached skill level 1 in Fighting
  8909 | D:7      | Found a runed door.
  8913 | D:7      | Noticed Crazy Yiuf
  8916 | D:7      | Killed Crazy Yiuf
  9143 | D:8      | Found a bloodstained altar of Trog.
  9250 | D:8      | Reached XP level 10. HP: 53/53 MP: 15/21
  9333 | D:8      | Learned a level 4 spell: Fulminant Prism
  9340 | D:8      | Found Quneirch's Armour Shoppe.
  9378 | D:8      | Noticed a hill giant
  9516 | D:8      | Reached ** piety under Vehumet
  9516 | D:8      | Offered knowledge of Throw Flame by Vehumet.
  9734 | D:8      | Killed a hill giant
  9734 | D:8      | Reached skill level 10 in Dodging
  9734 | D:8      | Reached skill level 10 in Charms
 10021 | D:9      | Reached skill level 10 in Conjurations
 10153 | D:9      | Offered knowledge of Ignite Poison by Vehumet.
 10346 | D:9      | Reached *** piety under Vehumet
 10607 | D:9      | Offered knowledge of Inner Flame by Vehumet.
 10845 | D:9      | Found a basalt altar of Yredelemnul.
 10871 | D:9      | Found Etusuth's Book Shop.
 10939 | D:9      | Found an opulent altar of Gozag.
 10982 | D:9      | Bought a book of Flames for 420 gold pieces
 10989 | D:9      | Learned a level 5 spell: Fireball
 11067 | D:10     | Entered Level 10 of the Dungeon
 11075 | D:10     | Reached **** piety under Vehumet
 11182 | D:10     | Found a staircase to the Orcish Mines.
 11183 | D:10     | Noticed a hill giant
 11187 | D:10     | Killed a hill giant
 11187 | D:10     | Reached skill level 1 in Fire Magic
 11198 | D:10     | Noticed Maurice
 11202 | D:10     | Killed Maurice
 11202 | D:10     | Offered knowledge of Irradiate by Vehumet.
 11202 | D:10     | Reached XP level 11. HP: 60/60 MP: 6/23
 11954 | D:10     | Found Uzoar Xaxt's Distillery.
 12179 | D:11     | Noticed an eight-headed hydra
 12318 | D:11     | Noticed a cyan ugly thing
 12323 | D:11     | Killed a cyan ugly thing
 12426 | D:11     | Slain by an eight-headed hydra

Skill      XL: |  1  2  3  4  5  6  7  8  9 10 11 |
---------------+----------------------------------+-----
Dodging        | 3 4 5 6 8 9 11 | 11.6
Conjurations   | 5 6 7 8 9 10 11 | 11.2
Spellcasting   | 4 5 6 7 |  7.1
Hexes          | 1 2 3 4 |  4.2
Charms         | 2 4 7 9 11 | 11.0
Fighting       | 1 3 4 |  4.2
Fire Magic     | 1 3 |  3.4
Stealth        | |  2.4

Action                   |  1- 3 |  4- 6 |  7- 9 | 10-12 || total
-------------------------+-------+-------+-------+-------++-------
Melee: Dagger            |    12 |    21 |    33 |     2 ||    68
       Staff             |       |       |       |     2 ||     2
Throw: Throwing net      |       |       |       |     1 ||     1
 Cast: Magic Dart        |    54 |    60 |   158 |   175 ||   447
       Searing Ray       |     3 |     9 |    28 |     7 ||    47
       Iskenderun's Batt |       |       |    14 |    33 ||    47
       Dazzling Spray    |       |       |     3 |     8 ||    11
       Fulminant Prism   |       |       |       |     6 ||     6
       Fireball          |       |       |       |     5 ||     5
Evoke: Wand              |       |     8 |     6 |       ||    14
  Use: Scroll            |       |     6 |     7 |     4 ||    17
  Eat: Chunk             |     3 |     7 |    10 |    16 ||    36
       Bread ration      |       |       |     2 |       ||     2
       Fruit             |       |       |       |     3 ||     3
       Pizza             |       |       |       |     1 ||     1
Armor: Robe              |     1 |    12 |    22 |     9 ||    44
Dodge: Dodged            |    10 |    20 |    94 |    50 ||   174
